cohdb
Replays
Latest Replays
All Replays
Popular Replays
Top Player Replays
Match Explorer
How It Works
Community
CoH3 Stats
Reddit
Sign in to upload your games and track your stats! →
Sign in with Steam
Match 39985871
Unlisted
Match 39985871
Overview
Messages
Build Orders
End
Royal Engineer Section
Construct Section Command Post
Selects Canadian Shock Battlegroup
Selects Canadian Shock Battlegroup
Dingo Light Scout Car
Infantry Section
Infantry Section
Construct Platoon Command Post
Infantry Section
Humber Armored Car
Unlock Bishop Self-propelled Artillery
6-pounder Anti-tank Gun Team
Selects Attacking Spirit
Selects Canadian Shock Section
Selects Incendiary Munitions
Bishop Self-propelled Artillery
sharpshooter
BiG Head DX
Doongie
PINOCHET
0
0
Comments
sign in to comment!
No comments posted yet!